 Dungeon Crawl Stone Soup version 0.31.0-12-g77e489cdc1 (webtiles) character file.

Game seed: 5425214724360436135

1314 Gadfly the Cudgeller (level 8, -1/49 HPs)
             Began as a Gargoyle Fighter on Feb 25, 2024.
             Was a Follower of the Shining One.
             Slain by a wight
             ... wielding a +3 spear
              (5 damage)
             ... on level 6 of the Dungeon.
             The game lasted 00:07:29 (4073 turns).

Gadfly the Cudgeller (Gargoyle Fighter)             Turns: 4073, Time: 00:07:29

Health: -1/49      AC: 17    Str: 26    XL:     8   Next: 58%
Magic:  11/11      EV:  8    Int:  9    God:    the Shining One [*.....]
Gold:   357        SH:  5    Dex: 11    Spells: 4/7 levels left

rFire   + . .        a - +5 mace of the Hawk {freeze, rPois rF+ rN+ Will++}
rCold   . . .        c - +0 buckler
rNeg    + + .        u - +0 chain mail
rPois   ∞            (no helmet)
rElec   +            n - +1 cloak
rCorr   .            (no gloves)
SInv    .            (no boots)
Will    ++...        (no amulet) Stlth
                     g - +6 ring of strength
HPRegen 0.28/turn    (no ring)
MPRegen 0.12/turn

%: no passive effects
@: glowing
A: sickness immunity, AC +5, negative energy resistance 1, electricity
resistance, torment resistance 1, petrification resistance, fangs 1
a: Renounce Religion, Divine Shield


You were on level 6 of the Dungeon.
You worshipped the Shining One.
The Shining One was aware of your devotion.
You visited 1 branch of the dungeon, and saw 6 of its levels.

You collected 357 gold pieces.

Inventory:

Hand Weapons
 a - the +5 mace of the Hawk (weapon) {freeze, rPois rF+ rN+ Will++}
   (You found it on level 3 of the Dungeon)

   rF+:       It protects you from fire.
   rPois:     It protects you from poison rN+: It protects you from negative
   energy.
   Will++:    It greatly increases your willpower.
 m - a +1 flail
Armour
 c - a +0 buckler (worn)
 n - a +1 cloak (worn)
 u - a +0 chain mail (worn)
Jewellery
 g - a +6 ring of strength (left hand)
Wands
 e - a wand of digging (6)
 k - a wand of roots (10) (quivered)
Scrolls
 b - 2 scrolls of silence {unknown}
 f - 5 scrolls of teleportation
 q - a scroll of revelation
 r - a scroll of immolation {unknown}
 s - a scroll of poison {unknown}
 t - a scroll of fear {unknown}
 w - a scroll of enchant weapon
Potions
 d - 3 potions of might
 h - a potion of haste {unknown}
 i - a potion of heal wounds
 j - a potion of mutation
 l - 3 potions of curing
 o - a potion of enlightenment
 v - a potion of attraction {unknown}
 x - a potion of resistance


   Skills:
 + Level 5.0 Fighting
 * Level 5.2 Maces & Flails
 + Level 5.0 Armour
 + Level 4.8 Shields
 * Level 4.9 Invocations
 * Level 4.1 Evocations


You had 4 spell levels left.
You knew the following spells:

 Your Spells              Type           Power      Damage    Failure   Level
a - Swiftness             Air            0%         N/A       100%        3

Your spell library contained the following spells:

 Spells                   Type           Power      Damage    Failure   Level
 Freeze                   Ice            0%         1d3       92%         1
 Ensorcelled Hibernation  Hex/Ice        0%         N/A       98%         2
 Frozen Ramparts          Ice            0%         1d1       100%        3
 Passwall                 Erth           0%         N/A       100%        3
 Leda's Liquefaction      Alch/Erth      0%         N/A       100%        4
 Petrify                  Alch/Erth      0%         N/A       100%        4
 Irradiate                Conj/Alch      0%         3d11      100%        5
 Metabolic Englaciation   Hex/Ice        0%         N/A       100%        5
 Sublimation of Blood     Necr           Unusable   N/A       N/A         2

Dungeon Overview and Level Annotations

Branches:
Dungeon (6/15)
 Temple: D:4-7

Altars:
Ashenzari
Nemelex Xobeh
Sif Muna
Yredelemnul
The Shining One


Innate Abilities, Weirdness & Mutations

You are immune to sickness and miasma.
Your stone body is resilient. (AC +5)
You are immune to poison.
You resist negative energy. (rN+)
You are resistant to electric shocks. (rElec)
You are resistant to unholy torment.
You are immune to petrification.
You have very sharp teeth.


Message History

The wight hits you from afar with a +3 spear.
The wight hits you with a +5 morningstar!
You are too injured to fight recklessly!
You are too injured to fight recklessly!
You are too injured to fight recklessly!
You are too injured to fight recklessly!
You are too injured to fight recklessly!
You are too injured to fight recklessly!
You are too injured to fight recklessly!
You are too injured to fight recklessly!
You are too injured to fight recklessly!
You are too injured to fight recklessly!
You are too injured to fight recklessly!
You are too injured to fight recklessly!
You are too injured to fight recklessly!
You are too injured to fight recklessly!
You are too injured to fight recklessly!
You are too injured to fight recklessly!
You are too injured to fight recklessly!
Unknown command.
The wight hits you but does no damage. The wight attacks as it pursues you!
The wight hits you but does no damage.
There is an open door here.
The wight attacks as it pursues you! The wight hits you but does no damage.
You sock the wight!
You destroy the wight!
The Shining One accepts your kill. The wight hits you but does no damage.
The wight hits you with a +5 morningstar!
* * * LOW HITPOINT WARNING * * *
Your Fighting skill increases to level 5!
Your Armour skill increases to level 5!
You barely miss the wight. The wight hits you but does no damage.
The wight hits you with a +5 morningstar!
* * * LOW HITPOINT WARNING * * *
The wight hits you but does no damage.
You hit the wight but do no damage. You bite the wight, but do no damage.
The wight hits you but does no damage.
The wight hits you from afar with a +3 spear.
You die...

# . .#
########'####
#...#........
#...#z.......
#..@z$.......
#...####.##..
##'#####
#......#
#......#
#.<....+
#......#
#.....##
#.....#


You could see 2 wights.

Vanquished Creatures
  Grinder (D:3)
  2 black bears (D:4)
  An ogre (D:5)
  A weeping skull (D:3)
  Blork the orc (D:4)
  A wight (D:6)
  3 scorpions
  A bombardier beetle (D:5)
  3 hounds
  A jelly (D:5)
  2 orc priests
  An iguana (D:5)
  An orc wizard (D:4)
  A mummy (D:5)
  3 gnolls (D:4)
  6 adders
  2 ufetubi (D:5)
  2 ribbon worms
  5 dart slugs
  12 orcs
  5 ball pythons
  13 endoplasms
  A giant cockroach (D:3)
  11 goblins
  5 hobgoblins
  3 jackals (D:1)
  8 kobolds
  3 quokkas
  8 bats
  7 frilled lizards
  2 hobgoblin zombies (D:5)
  2 kobold zombies (D:5)
  6 rats
  A spectral orc (D:3)
125 creatures vanquished.

Notes
Turn   | Place    | Note
-------+----------+-------------------------------------------
     0 | D:1      | Gadfly the Gargoyle Fighter began the quest for the Orb.
     0 | D:1      | Reached XP level 1. HP: 14/14 MP: 1/1
   107 | D:1      | Reached XP level 2. HP: 19/19 MP: 2/2
   272 | D:1      | Reached skill level 1 in Invocations
   299 | D:1      | Reached XP level 3. HP: 20/23 MP: 3/3
   309 | D:1      | Reached skill level 1 in Evocations
   345 | D:1      | Found a faded altar of an unknown god.
   354 | D:1      | Got Plato's Handbook of Refrigeration
   817 | D:2      | Found a broken altar of Ashenzari.
   884 | D:2      | Reached XP level 4. HP: 27/28 MP: 5/5
  1194 | D:3      | Reached XP level 5. HP: 23/33 MP: 6/6
  1329 | D:3      | Noticed Grinder
  1338 | D:3      | Killed Grinder
  1339 | D:3      | Reached XP level 6. HP: 38/38 MP: 6/8
  1376 | D:3      | Identified the +5 mace of the Hawk {freeze, rPois rF+ rN+
                  | Will++}
  1471 | D:3      | Found a sparkling altar of Nemelex Xobeh.
  1883 | D:3      | Found a basalt altar of Yredelemnul.
  1899 | D:3      | Reached XP level 7. HP: 43/43 MP: 9/9
  2253 | D:4      | Noticed Blork the orc
  2261 | D:4      | Killed Blork the orc
  2508 | D:4      | Found a shimmering blue altar of Sif Muna.
  2617 | D:4      | Identified the +0 ring mail "Jaomesif" {rF+}
  2942 | D:4      | Reached XP level 8. HP: 34/48 MP: 11/11
  3367 | D:5      | Entered Level 5 of the Dungeon
  3537 | D:5      | Found a glowing golden altar of the Shining One.
  3545 | D:5      | Became a worshipper of the Shining One
  3714 | D:5      | Reached skill level 5 in Maces & Flails
  4004 | D:5      | Reached * piety under the Shining One
  4031 | D:5      | Gained mutation: You have very sharp teeth. [potion of
                  | mutation]
  4037 | D:5      | Learned a level 3 spell: Swiftness
  4072 | D:6      | Reached skill level 5 in Fighting
  4072 | D:6      | Reached skill level 5 in Armour
  4073 | D:6      | Slain by a wight

Illustrated notes

Levels and vault maps discovered:
D:1:      evilmike_arrival_hilbert_curve, layout_rooms,
          shapermc_ecumenical_altar_rom_forum, chequers_serial_rivers_micro_e,
          minmay_statues_item, hex_large
D:2:      layout_rooms, basic_altar, small_statue_intersection,
          grunt_ministairs_6
D:3:      layout_basic, mainiacjoe_overflow_brackets,
          yredelemnul_forgotten_temple_becter, kennysheep_big_empty_room,
          st_stairs_1, kennysheep_generic_room_2, uniq_grinder
D:4:      layout_basic, mainiacjoe_overflow_24_doors, uniq_blork_the_orc
D:5:      layout_rooms, lemuel_coloured_pillars_altar, kennysheep_minor_cross,
          minmay_mini_ossuary
D:6:      layout_gridville, minmay_manual_monstrance, uniq_menkaure

Skill      XL: |  1  2  3  4  5  6  7  8 |
---------------+-------------------------+-----
Invocations    | 1 2 3 4 |  4.9
Evocations     | 1 2 3 4 |  4.1
Maces & Flails | 3 4 5 |  5.2
Fighting       | 4 5 |  5.0
Shields        | 4 |  4.8
Armour         | 4 5 |  5.0

Action                     |  1- 3 |  4- 6 |  7- 9 || total
---------------------------+-------+-------+-------++-------
  Melee: Flail             |   158 |    67 |       ||   225
         Mace              |       |    40 |   155 ||   195
         Bite              |       |       |     1 ||     1
  Evoke: Wand              |       |       |     1 ||     1
    Use: Scroll            |     1 |     2 |     2 ||     5
         Potion            |       |     1 |     3 ||     4
 Armour: Scale mail        |   137 |    85 |   101 ||   323
         Chain mail        |       |       |    60 ||    60
  Dodge: Dodged            |   127 |    82 |    59 ||   268
  Block: Buckler           |    45 |    19 |    50 ||   114
